 Dungeon Crawl Stone Soup version 0.27.0-1-g7a089689b8 (webtiles) character file.

Game seed: 5573352210716791041

11 hawla the Sneak (level 2, 0/18 HPs)
             Began as a Deep Elf Delver on Aug 8, 2021.
             Slain by a gnoll (3 damage)
             ... on level 3 of the Dungeon.
             The game lasted 00:01:42 (156 turns).

hawla the Sneak (Deep Elf Delver)                    Turns: 156, Time: 00:01:43

Health: 0/18       AC:  3    Str:  9    XL:     2   Next: 13%
Magic:  4/4        EV: 16    Int: 14    God:
Gold:   16         SH:  0    Dex: 16    Spells: 1/1 levels left

rFire    . . .     SeeInvis .   a - +0 short sword
rCold    . . .     Faith    .   (no shield)
rNeg     . . .     Spirit   .   b - +0 leather armour
rPois    .         Reflect  .   (no helmet)
rElec    .         Harm     .   (no cloak)
rCorr    .         Rampage  .   (no gloves)
Will     .....                  (no boots)
Stlth    +++.......             (no amulet)
HPRegen  0.06/turn              h - +4 ring of evasion
MPRegen  0.09/turn              (no ring)

@: about to teleport
A: no striking features
a: no special abilities


You were on level 3 of the Dungeon.
You visited 1 branch of the dungeon, and saw 3 of its levels.

You collected 16 gold pieces.

Inventory:

Hand Weapons
 a - a +0 short sword (weapon)
Armour
 b - a +0 leather armour (worn)
Jewellery
 h - a +4 ring of evasion (left hand)
Wands
 g - a wand of digging (3)
Scrolls
 c - a scroll of fog
 d - a scroll of magic mapping
 e - a scroll of identify


   Skills:
 + Level 2.5 Fighting
 + Level 2.1 Short Blades
 + Level 2.4 Dodging
 + Level 6.4 Stealth


You had one spell level left.
You didn't know any spells.
Your spell library was empty.

Dungeon Overview and Level Annotations

Branches:
Dungeon (5/15)
 Temple: D:4-7

Altars:

Shops:
D:5 [

Annotations:
D:4 Natasha


Message History

A gnoll comes into view. It is wielding a +0 flail.
You hit the gnoll.
The gnoll is moderately wounded.
The gnoll misses you.
You hit the gnoll.
The gnoll is severely wounded.
The gnoll closely misses you.
You barely miss the gnoll.
The gnoll is severely wounded.
The gnoll closely misses you.
You hit the gnoll.
The gnoll is severely wounded.
The gnoll closely misses you.
You closely miss the gnoll.
The gnoll is severely wounded.
The gnoll closely misses you.
You hit the gnoll.
The gnoll is almost dead.
The gnoll hits you with a +0 halberd.
You barely miss the gnoll.
The gnoll is almost dead.
The gnoll closely misses you.
You hit the gnoll.
You kill the gnoll!
You have reached level 2!
Things that are here:
a +0 dagger; 5 stones; a kobold corpse You hit the gnoll but do no damage.
The gnoll closely misses you.
You closely miss the gnoll. The gnoll hits you with a +0 flail.
You hit the gnoll.
The gnoll is lightly wounded.
The gnoll completely misses you.
You barely miss the gnoll.
The gnoll is lightly wounded.
The gnoll hits you with a +0 flail.
* * * LOW HITPOINT WARNING * * *
As you read the scroll labelled OKLOTR CUOBB, it crumbles to dust.
You feel strangely unstable.
It was a scroll of teleportation.
The gnoll hits you with a +0 flail.
You die...

..# #.# #.# #.# #.# #.# #.#
# .##################.# .#
.)..........).gg@...#+#.###
####################......#
#.......#.# #.#.....#
#######.#.#†###
.......>#.#.# ........#.#..
#######.#.#### #.#.#


You could see 2 gnolls.

Vanquished Creatures
  A gnoll (D:3)
  A ball python (D:3)
  A kobold (D:3)
3 creatures vanquished.

Notes
Turn   | Place    | Note
-------+----------+-------------------------------------------
     0 | D:5      | hawla the Deep Elf Delver began the quest for the Orb.
     0 | D:5      | Reached XP level 1. HP: 13/13 MP: 3/3
    13 | D:5      | Noticed an ogre
    43 | D:5      | Found Vagerush's Antique Armour Shoppe.
    44 | D:5      | Noticed a howler monkey
    52 | D:4      | Noticed an ogre
    75 | D:4      | Noticed a bullfrog
    88 | D:4      | Noticed Natasha
   138 | D:3      | Reached XP level 2. HP: 10/18 MP: 4/4
   156 | D:3      | Slain by a gnoll

Illustrated notes

Levels and vault maps discovered:
D:3:      layout_basic, basic_ecumenical_altar, st_stairs_8
D:4:      layout_gridville, minmay_temple_entry_sparse_star, uniq_natasha
D:5:      layout_cave_pools, chequers_temple_overflow_statue_of_worship,
          gammafunk_temple_overflow_statue, serial_shops,
          nicolae_shop_statue_plus, shop, guppyfry_shop_venom, uniq_pikel

Action                   || total
-------------------------++-------
Melee: Short sword       ||    17
  Use: Scroll            ||     3
       Potion            ||     1
 Stab: Sleeping          ||     2
Dodge: Dodged            ||    12
